 Dungeon Crawl Stone Soup version 0.28.0-45-g0d030f2227 (webtiles) character file.

Game seed: 17530623896068180146

172 issech the Cudgeller (level 5, 0/53 HPs)
             Began as a Troll Monk on Apr 18, 2022.
             Slain by an ogre
             ... wielding a +0 giant club
              (15 damage)
             ... on level 3 of the Dungeon.
             The game lasted 00:05:54 (1809 turns).

issech the Cudgeller (Troll Monk)                   Turns: 1809, Time: 00:05:55

Health: 0/53       AC:  4    Str: 19    XL:     5   Next: 27%
Magic:  4/4        EV: 10    Int: 11    God:
Gold:   155        SH:  0    Dex: 14    Spells: 4/4 levels left

rFire   . . .      SeeInvis .   f - +1 war axe "Kuplyg Rumopp" {vamp, rC- Int+5}
rCold   x . .      Faith    .   (no shield)
rNeg    . . .      Spirit   .   b - +0 robe
rPois   .          Reflect  .   (helmet restricted)
rElec   .          Harm     .   m - scarf {repulsion}
rCorr   .          Rampage  .   (gloves unavailable)
Will    .....                   (boots unavailable)
Stlth   ++........              (no amulet)
HPRegen 0.97/turn               (no ring)
MPRegen 0.09/turn               (no ring)

@: repel missiles
A: large, unfitting armour, claws 3, regeneration 1, shaggy fur 1, tough skin 1
a: no special abilities


You were on level 3 of the Dungeon.
You visited 1 branch of the dungeon, and saw 3 of its levels.

You collected 155 gold pieces.

Inventory:

Hand Weapons
 a - a +0 mace
 f - the +1 war axe "Kuplyg Rumopp" (weapon) {vamp, rC- Int+5}
   (You found it on level 2 of the Dungeon)

   It occasionally heals its wielder for a portion of the damage dealt when it
   wounds a living foe.
   Int:       It affects your intelligence (+5).
   rC:        It makes you vulnerable to cold.
 l - a +2 antimagic short sword
Missiles
 c - 45 stones (quivered)
 g - 24 sling bullets
 j - 21 bolts
Armour
 b - a +0 robe (worn)
 m - a scarf of repulsion (worn)
Magical Staves
 d - a staff of earth
Jewellery
 p - an amulet of the acrobat
Wands
 r - a wand of polymorph (9)
Scrolls
 h - a scroll of enchant weapon {unknown}
 i - a scroll of identify {unknown}
 k - a scroll of immolation {unknown}
Potions
 e - 3 potions of might {unknown}
 n - 2 potions of heal wounds {unknown}
 o - 2 potions of curing {unknown}
 q - a potion of degeneration {unknown}
 s - a potion of brilliance {unknown}


   Skills:
 + Level 3.5 Fighting
 + Level 1.3(2.5) Axes
 + Level 3.6(3.8) Maces & Flails
 + Level 2.9 Dodging
 + Level 1.3 Stealth


You had 4 spell levels left.
You didn't know any spells.
Your spell library contained the following spells:

 Spells                   Type           Power      Damage    Failure   Level
 Gell's Gravitas          Tloc           0%         N/A       71%         3
 Teleport Other           Tloc           0%         N/A       71%         3
 Dispersal                Tloc           0%         N/A       100%        6


Dungeon Overview and Level Annotations

Branches:
Dungeon (3/15)

Altars:
Elyvilon


Innate Abilities, Weirdness & Mutations

You are too large for most types of armour.
You have claws for hands.
Your natural rate of healing is unusually fast.
You are covered in fur. (AC +1)
You have tough skin. (AC +1)


Message History

You kill the adder!
You feel sick. The giant cockroach closely misses you.
You slash the giant cockroach!
You feel better.
You kill the giant cockroach!
You feel sick.
You feel sick.
You are no longer poisoned.
Things that are here:
a +0 club; a rat corpse
Things that are here:
a +0 club; a rat corpse
There is a stone staircase leading down here.
c - 45 stones (gained 12)
Okay, then.
There is a stone staircase leading down here.
You now have 155 gold pieces (gained 11).
A giant cockroach comes into view.
You slash the giant cockroach!
You kill the giant cockroach!
An orc comes into view. It is wielding a +0 club.
An ogre comes into view. It is wielding a +0 giant club.
The ogre shouts!
The orc shouts!
The ogre closely misses you.
You hit the ogre but do no damage. The ogre hits you with a +0 giant club!
The orc hits you with a +0 club.
You barely miss the ogre. You hit the orc.
The ogre hits you with a +0 giant club!!
The orc misses you.
Found a white marble altar of Elyvilon.
The orc hits you with a +0 club.
You hit the ogre.
You feel better.
The ogre is lightly wounded.
The ogre closely misses you.
You barely miss the ogre.
The ogre is lightly wounded.
The ogre hits you with a +0 giant club!
* * * LOW HITPOINT WARNING * * *
You hit the ogre.
You feel better.
The ogre is lightly wounded.
The ogre hits you with a +0 giant club!
You die...

#.# #.#...#
####.#...... #.#
#.#...# #.##.....
####.# #.#...#
#......##
#....#######.#...#
#.#..###.
#................##
#.##.....
##........#.###....
..##...##
.<....###.#.#
...##########.###
####..# #.#_#
#........[...)..##
#..# #.#.#
#@##########......
#..###.#.####O#
##.....
#...........o.#
#.....
..........####.#
###... #.#.####.###
#.# ### #.# #.# #.#
#.# #.. ..# #.# #
### ### #.#.#


You could see an ogre and an orc.

Vanquished Creatures
  An orc wizard (D:2)
  Natasha (twice) (D:2)
  3 adders (D:3)
  A worm (D:2)
  A dart slug (D:3)
  6 orcs
  2 bats
  5 endoplasms
  4 giant cockroaches
  9 goblins
  3 hobgoblins
  5 jackals (D:2)
  5 kobolds
  4 ball pythons
  3 frilled lizards
  6 rats
60 creatures vanquished.

Notes
Turn   | Place    | Note
-------+----------+-------------------------------------------
     0 | D:1      | issech the Troll Monk began the quest for the Orb.
     0 | D:1      | Reached XP level 1. HP: 22/22 MP: 0/0
   146 | D:1      | Reached XP level 2. HP: 29/29 MP: 1/1
   525 | D:1      | Reached XP level 3. HP: 36/36 MP: 2/2
   593 | D:2      | Identified the +1 war axe "Kuplyg Rumopp" {vamp, rC- Int+5}
   745 | D:2      | Noticed Natasha
   761 | D:2      | Killed Natasha
   839 | D:2      | Noticed Natasha
   863 | D:2      | Killed Natasha
   864 | D:2      | Reached XP level 4. HP: 35/45 MP: 3/3
   880 | D:2      | Found a faded altar of an unknown god.
  1052 | D:2      | Reached skill level 1 in Axes
  1171 | D:3      | Reached XP level 5. HP: 53/53 MP: 4/4
  1795 | D:3      | Noticed an ogre
  1799 | D:3      | Found a white marble altar of Elyvilon.
  1809 | D:3      | Slain by an ogre

Illustrated notes

Levels and vault maps discovered:
D:1:      lemuel_arrival_funnel, layout_basic
D:2:      layout_rooms, dreamdust_ecumenical_altar_statues,
          grunt_decor_one_mirror, kennysheep_generic_room_12, uniq_natasha
D:3:      layout_loops_ring, overflow_temple_1_default, hex_medium,
          minmay_unequal

Skill      XL: |  1  2  3  4 |
---------------+-------------+-----
Maces & Flails | 3 |  3.6
Fighting       | 3 |  3.5
Axes           | 1 |  1.3
Dodging        | |  2.9
Stealth        | |  1.3

Action                   |  1- 3 |  4- 6 || total
-------------------------+-------+-------++-------
Melee: Mace              |    62 |       ||    62
       War axe           |    56 |    59 ||   115
Throw: Stone             |       |     4 ||     4
 Stab: Sleeping          |     2 |     2 ||     4
Armor: Robe              |    48 |    18 ||    66
       Skin              |       |     1 ||     1
Dodge: Dodged            |    73 |    37 ||   110
